 Seeded DCSS version 0.29.1-15-g9cfb28693d (webtiles) character file.

Game seed: 9807948964800535893 (custom seed)

576 bmack86 the Chopper (level 7, -6/56 (61) HPs)
             Began as a Minotaur Fighter on Mar 2, 2023.
             Mangled by a wight
             ... wielding a +4 dire flail
              (8 damage)
             ... on level 4 of the Dungeon.
             The game lasted 00:10:26 (4204 turns).

bmack86 the Chopper (Minotaur Fighter)              Turns: 4204, Time: 00:10:26

HP:   -6/56 (61)    AC: 17    Str: 22    XL:     7   Next: 12%
MP:   6/6           EV:  7    Int:  5    God:
Gold: 192           SH:  5    Dex: 10    Spells: 6/6 levels left

rFire   . . .      SeeInvis +   s - +3 war axe
rCold   . . .      Faith    .   c - +0 buckler
rNeg    . . .      Spirit   .   e - +4 chain mail {Will+}
rPois   .          Reflect  .   (helmet restricted)
rElec   .          Harm     .   (no cloak)
rCorr   .          Rampage  .   k - +2 pair of gloves
Will    +....                   (no boots)
Stlth   ..........              m - amulet of magic regeneration
HPRegen 0.18/turn               q - ring of see invisible
MPRegen 0.50/turn               (no ring)

@: drained
A: horns 2, retaliatory headbutt
a: no special abilities


You were on level 4 of the Dungeon.
You visited 2 branches of the dungeon, and saw 7 of its levels.

You collected 192 gold pieces.

Inventory:

Hand Weapons
 a - a +0 war axe
 s - a +3 war axe (weapon)
Missiles
 i - 8 poisoned darts
 o - 3 boomerangs (quivered)
Armour
 c - a +0 buckler (worn)
 e - a +4 chain mail of willpower (worn)
 k - a +2 pair of gloves (worn)
 n - a +0 plate armour
Jewellery
 m - an amulet of magic regeneration (around neck)
 q - a ring of see invisible (left hand)
Wands
 p - a wand of paralysis (12)
Scrolls
 l - a scroll of noise {unknown}
Potions
 b - 2 potions of attraction
 d - a potion of might
 f - 4 potions of curing
 g - 3 potions of ambrosia {unknown}
 h - 2 potions of flight {unknown}
 j - a potion of berserk rage
 r - a potion of brilliance {unknown}


   Skills:
 + Level 5.3 Fighting
 * Level 5.7 Axes
 + Level 2.5 Throwing
 + Level 5.2 Armour
 + Level 5.1 Shields


You had 6 spell levels left.
You didn't know any spells.
Your spell library was empty.

Dungeon Overview and Level Annotations

Branches:
Dungeon (6/15)             Temple (1/1) D:4

Altars:
Cheibriados
Fedhas
Hepliaklqana
Kikubaaqudgha
Makhleb
Nemelex Xobeh
Qazlal
Ru
Trog
Uskayaw
Vehumet
Wu Jian
Zin
The Shining One


Innate Abilities, Weirdness & Mutations

You have a pair of horns on your head.
You reflexively headbutt those who attack you in melee.


Message History

The wight hits you with a +3 war axe! The wight hits you with a +3 war axe.
You closely miss the wight.
The wight is almost destroyed.
The wight completely misses you. You furiously retaliate!
You headbutt the wight.
You destroy the wight!
You have reached level 7!
Things that are here:
a +3 war axe; a +0 robe
s - a +3 war axe
Things that are here:
a +0 war axe; a +0 robe
s - a +3 war axe (weapon)
2 wights come into view.
The wight hits you with a +4 dire flail!
You feel drained. The wight hits you with a +0 halberd.
You feel drained.
You slash the wight!
You destroy the wight!
You hit the wight.
The wight hits you with a +4 dire flail!
You feel drained.
The wight hits you with a +4 dire flail!
* * * LOW HITPOINT WARNING * * *
The wight hits you with a +4 dire flail!
* * * LOW HITPOINT WARNING * * *
You feel drained.
* * * LOW HITPOINT WARNING * * *
You closely miss the wight. Your headbutt misses the wight.
The wight is moderately damaged.
The wight barely misses you.
You hit the wight.
The wight is heavily damaged.
The wight hits you but does no damage.
You hit the wight.
The wight is severely damaged.
The wight completely misses you.
You barely miss the wight.
The wight is severely damaged.
The wight hits you with a +4 dire flail!
You die...

#######..≈§§#++#
..........≈#≈≈≈≈≈§..#
#######...≈#≈._≈#≈≈.#
#######....≈§§8§#§≈.#
...........#≈§§§#...##
.........§§##§§##....#
#####.#..§.§§§§...≈..#
#.#....§§§.......#
#.....[.....@z...#
#.....)......)...#
##################


You could see a wight.

Vanquished Creatures
  A phantom (D:4)
  Blork the orc (D:4)
  A scorpion (D:4)
  3 wights (D:4)
  A hound (D:6)
  An iguana (D:4)
  4 adders
  4 worms
  6 dart slugs
  11 orcs
  8 ball pythons
  12 endoplasms
  2 giant cockroaches (D:2)
  5 goblins
  8 hobgoblins
  5 jackals
  A quokka (D:4)
  7 bats
  7 frilled lizards
  7 kobolds
  3 rats
98 creatures vanquished.

Vanquished Creatures (others)
  A bat (D:3)
1 creature vanquished.

Grand Total: 99 creatures vanquished

Notes
Turn   | Place    | Note
-------+----------+-------------------------------------------
     0 | D:1      | bmack86 the Minotaur Fighter began the quest for the Orb.
     0 | D:1      | Reached XP level 1. HP: 19/19 MP: 0/0
   193 | D:1      | Reached XP level 2. HP: 22/27 MP: 1/1
  1155 | D:1      | Reached XP level 3. HP: 33/33 MP: 2/2
  2200 | D:2      | Reached XP level 4. HP: 33/40 MP: 3/3
  2644 | D:3      | Reached skill level 1 in Throwing
  2771 | D:3      | Found a snail-covered altar of Cheibriados.
  2804 | D:3      | You fall into a shaft and drop 3 floors!
  2818 | D:6      | Found a sparkling altar of Nemelex Xobeh.
  2838 | D:6      | Found an ornate altar of the Wu Jian Council.
  2929 | D:6      | Reached XP level 5. HP: 45/47 MP: 4/4
  3115 | D:5      | Entered Level 5 of the Dungeon
  3179 | D:4      | Noticed Blork the orc
  3181 | D:4      | Found a stormy altar of Qazlal.
  3189 | D:4      | Killed Blork the orc
  3213 | D:4      | Found a staircase to the Ecumenical Temple.
  3223 | D:4      | Reached XP level 6. HP: 50/55 MP: 5/5
  3230 | Temple   | Entered the Ecumenical Temple
  3344 | D:4      | Reached skill level 5 in Axes
  3446 | D:3      | Found a faded altar of an unknown god.
  3824 | D:4      | Found an ancient bone altar of Kikubaaqudgha.
  3832 | D:4      | Reached skill level 5 in Fighting
  3956 | D:4      | Reached skill level 5 in Armour
  4088 | D:4      | Reached skill level 5 in Shields
  4091 | D:4      | Reached XP level 7. HP: 40/61 MP: 6/6
  4200 | D:4      | HP: 1/56 [wight/+4 dire flail (3)]
  4204 | D:4      | Mangled by a wight

Illustrated notes

Levels and vault maps discovered:
D:1:      lemuel_arrival_room, layout_basic, chequers_serial_rivers_large_a,
          minivault_26
D:2:      layout_basic
D:3:      layout_rooms, kennysheep_slug_shrine,
          shapermc_ecumenical_altar_acropolis
D:4:      wad_pebble_path, layout_rooms, kiku_gazebo_garden_becter,
          nicolae_qazlal_general_emergency, minmay_temple_entry_glass,
          amcnicky_mini_pool_small, wad_orctagon, uniq_blork_the_orc
D:5:      layout_loops_cross, st_stairs_9, uniq_eustachio
D:6:      layout_loops_corners, mainiacjoe_overflow_swirl
Temple:   hellmonk_temple_rainy

Skill      XL: |  1  2  3  4  5  6 |
---------------+-------------------+-----
Axes           | 3 4 5 |  5.7
Shields        | 4 5 |  5.1
Fighting       | 4 5 |  5.3
Armour         | 4 5 |  5.2
Throwing       | 1 2 |  2.5

Action                   |  1- 3 |  4- 6 |  7- 9 || total
-------------------------+-------+-------+-------++-------
Melee: War axe           |   112 |   138 |     5 ||   255
       Headbutt          |     7 |    14 |       ||    21
Throw: Dart              |     3 |       |       ||     3
       Boomerang         |       |     5 |       ||     5
  Use: Scroll            |     1 |     9 |       ||    10
Armor: Chain mail        |    75 |    99 |     1 ||   175
       Scale mail        |     3 |       |       ||     3
Dodge: Dodged            |    37 |    62 |     2 ||   101
Block: Buckler           |    34 |    30 |       ||    64
